 Dungeon Crawl Stone Soup version 0.20-a0-1043-gbd57889 (webtiles) character file.

17249 zhorgal the Grappler (level 12, -1/113 HPs)
             Began as a Troll Earth Elementalist on Apr 24, 2017.
             Was a High Priest of Okawaru.
             Slain by a seven-headed hydra (5 damage)
             ... on level 2 of the Lair of Beasts.
             The game lasted 00:56:15 (10035 turns).

zhorgal the Grappler (Troll Earth Elementalist)    Turns: 10035, Time: 00:56:15

Health: -1/113     AC: 10    Str: 19    XL:     12   Next: 17%
Magic:  14/14      EV:  9    Int: 15    God:    Okawaru [*****.]
Gold:   353        SH: 11    Dex: 12    Spells: 8/13 levels left

rFire    . . .     SeeInvis .   F - +2 whip (venom)
rCold    . . .     Gourm    +   t - +2 shield
rNeg     + . .     Faith    .   A - +0 troll leather armour
rPois    +         Spirit   .   (helmet restricted)
rElec    .         Reflect  .   J - +2 cloak
rCorr    .         Harm     .   (gloves unavailable)
MR       .....                  (boots unavailable)
Stlth    ++........             (no amulet)
Regen    1.1/turn               p - ring of positive energy
MPRegen  0.2/turn               P - ring of poison resistance

@: no status effects
A: unfitting armour, claws 3, thin skeletal structure 1, blurry vision 1, fast
metabolism 3, gourmand, regeneration 1, shaggy fur 1, tough skin 2
a: Heroism, Finesse, Renounce Religion


You were on level 2 of the Lair of Beasts.
You worshipped Okawaru.
Okawaru was extremely pleased with you.
You were completely stuffed.

You visited 3 branches of the dungeon, and saw 13 of its levels.
You also visited: Ossuary.

You collected 353 gold pieces.

Inventory:

Hand Weapons
 F - a +2 whip of venom (weapon)
 M - the +8 dagger of Kihemn {pierce, rPois rC+ MP+9, unknown}
   (Okawaru gifted it to you on level 1 of the Lair of Beasts)

   It inflicts extra damage upon your enemies.
   It protects you from cold.
   It protects you from poison.
   It affects your magic capacity (+9).
Missiles
 b - 163 stones (quivered)
 k - 2 javelins
 z - 6 tomahawks
Armour
 t - a +2 shield (worn)
 A - a +0 troll leather armour (worn)
 H - a scarf of cold resistance
 I - a +1 robe of positive energy
 J - a +2 cloak (worn)
Magical Staves
 w - an uncursed staff of poison {unknown}
Jewellery
 p - a ring of positive energy (left claw)
 y - an uncursed ring of flight
 L - a +4 ring of intelligence {unknown}
 P - a ring of poison resistance (right claw)
Wands
 q - a wand of disintegration (24/24)
 G - a wand of lightning (6/15)
 N - a wand of digging (14/24)
 Q - a wand of polymorph (9/24)
Scrolls
 f - 2 scrolls of recharging
 g - 17 scrolls of identify
 j - 8 scrolls of remove curse
 o - 3 scrolls of magic mapping
 s - 3 scrolls of fear
 u - a scroll of blinking
 v - 7 scrolls of teleportation
 D - a scroll of enchant armour
 E - 2 scrolls of fog
 K - 2 scrolls of silence
Potions
 a - 3 potions of mutation
 c - a potion of berserk rage
 i - 3 potions of might
 m - 3 potions of curing
 n - 4 potions of heal wounds
 B - 3 potions of haste
 C - 2 potions of agility
Books
 e - a book of Geomancy

   Spells                             Type                      Level
   a - Sandblast                      Earth                        1
   b - Passwall                       Transmutation/Earth          2
   c - Stone Arrow                    Conjuration/Earth            3
   d - Petrify                        Transmutation/Earth          4
   e - Lee's Rapid Deconstruction     Earth                        5
 x - a book of Changes

   Spells                             Type                      Level
   a - Beastly Appendage              Transmutation                1
   b - Sticks to Snakes               Transmutation                2
   c - Spider Form                    Transmutation/Poison         3
   d - Ice Form                       Ice/Transmutation            4
   e - Blade Hands                    Transmutation                5
Comestibles
 d - 14 bread rations
 h - 3 meat rations
 l - 16 fruits
 r - 9 royal jellies
 O - a chunk of flesh


   Skills:
 + Level 5.9 Fighting
 + Level 2.2 Throwing
 - Level 3.2 Armour
 + Level 4.5 Dodging
 - Level 1.0 Stealth
 + Level 4.1 Shields
 * Level 14.7 Unarmed Combat
 - Level 1.2 Spellcasting
 - Level 0.6 Transmutations
 - Level 2.6 Earth Magic
 + Level 4.6 Invocations
 + Level 2.0 Evocations


You had 8 spell levels left.
You knew the following spells:

 Your Spells              Type           Power        Failure   Level  Hunger
a - Sandblast             Erth           #.....       26%         1    ##.....
b - Summon Butterflies    Summ           #.......     63%         1    ##.....
c - Apportation           Tloc           #.....       63%         1    ##.....
d - Sticks to Snakes      Tmut           #.......     67%         2    ###....


Dungeon Overview and Level Annotations

Branches:
Dungeon (10/15)            Temple (1/1) D:6            Lair (2/6) D:9
  Swamp: Lair:2-4    Shoals: Lair:2-4     Snake: Lair:2-4    Spider: Lair:2-4
    Orc: D:9-12

Altars:
Ashenzari
Cheibriados
Dithmenos
Elyvilon
Gozag
Kikubaaqudgha
Makhleb
Nemelex Xobeh
Okawaru
Qazlal
Sif Muna
Trog
Uskayaw
Vehumet
Xom
Zin
The Shining One

Annotations:
D:4 Sigmund
D:8 Maurice
Lair:1 exclusion: oklob plant


Innate Abilities, Weirdness & Mutations

You are too large for most types of armour.
You have claws for hands.
Your metabolism is lightning-fast.
You like to eat raw meat.
Your natural rate of healing is unusually fast.
You are covered in fur. (AC +1)
You have very tough skin. (AC +2)
You have a somewhat thin skeletal structure. (Dex +2, Stealth)
Scrolls take you a little longer to read.


Message History

The water moccasin bites you! The seven-headed hydra bites you!
* * * LOW HITPOINT WARNING * * *
You block the seven-headed hydra's attack. x4
The seven-headed hydra completely misses you.
The seven-headed hydra bites you!
* * * LOW HITPOINT WARNING * * *
The water moccasin bites you.
* * * LOW HITPOINT WARNING * * *
Really read with blurry vision while enemies are nearby? [Y]es or [N]o only, please.
Really read with blurry vision while enemies are nearby?
You block the water moccasin's attack.
You begin reading the scroll.
You continue reading the scroll.
The seven-headed hydra bites you but does no damage. x2
The seven-headed hydra bites you.
* * * LOW HITPOINT WARNING * * *
The seven-headed hydra bites you.
* * * LOW HITPOINT WARNING * * *
The seven-headed hydra bites you.
You die...

## ### ####.### ###.# #####
##....#.####.#.######.P.####
.......!....................
............................
....................<.......
.......!..#SP#..........<...
..........#@##..............
..........D##........P##.##.
##.#......####.......P#####.
# #......# #.......## #.
##...... #.......# #.
#.....## #.......# #.
......# #.......# ##. #...
#.......## #..
##........####P.


You could see a seven-headed hydra and a water moccasin.

Vanquished Creatures
  4 two-headed ogres
  4 death yaks (Lair:2)
  2 unseen horrors (D:10)
  5 spiny frogs
  A komodo dragon (D:9)
  2 trolls (D:10)
  The ghost of Shinoi the Poker, an amateur MfSk (D:4)
  5 hippogriffs
  8 yaks
  A wraith (D:10)
  4 hogs (D:7)
  A hungry ghost (D:10)
  A basilisk (Lair:1)
  A human (D:7)
  The ghost of barbarian the Charmwright, an amateur GnSk (D:6)
  Menkaure (D:6)
  Edmund (D:5)
  Duvessa (D:7)
  A swamp drake (D:9)
  2 water moccasins
  2 porcupines
  An ice beast (D:10)
  An orc warrior (D:10)
  An eye of draining (D:9)
  3 sky beasts
  A black bear (D:9)
  2 phantoms
  7 ogres
  4 wolves (Lair:1)
  A centaur (D:10)
  5 crocodiles
  Blork the orc (D:5)
  12 bullfrogs
  A big kobold (D:7)
  Dowan (D:7)
  A water moccasin zombie (D:7)
  3 scorpions
  3 howler monkeys
  2 crimson imps
  A centaur zombie (D:8)
  A quasit (D:10)
  4 hounds
  Crazy Yiuf (D:4)
  An orc priest (D:5)
  2 bullfrog skeletons (D:5)
  2 jellies (D:10)
  7 orc wizards
  3 iguanas
  Jessica (D:2)
  Ijyb (D:5)
  9 worker ants
  2 hound zombies
  2 hound skeletons (D:8)
  3 mummies (Ossuary)
  A worker ant zombie (D:7)
  3 gnolls (D:6)
  7 adders
  A shadow imp (D:10)
  2 oozes
  An adder zombie (D:8)
  2 worms (D:3)
  A dart slug (D:1)
  3 leopard geckos
  26 orcs
  2 ball pythons
  2 giant cockroaches
  9 goblins
  7 hobgoblins
  13 jackals
  9 kobolds
  2 quokkas
  3 bats
  3 frilled lizards
  4 gnoll skeletons (Ossuary)
  5 gnoll zombies (Ossuary)
  3 goblin skeletons (Ossuary)
  4 goblin zombies
  2 hobgoblin skeletons (Ossuary)
  8 hobgoblin zombies (Ossuary)
  A jackal skeleton (D:4)
  A jackal zombie (D:5)
  2 kobold skeletons (Ossuary)
  3 kobold zombies (Ossuary)
  2 orc skeletons (Ossuary)
  A quokka zombie (D:6)
  5 rats
  3 rat skeletons (Ossuary)
  3 rat zombies (Ossuary)
283 creatures vanquished.

Vanquished Creatures (others)
  A mummy (Ossuary)
  A gnoll skeleton (Ossuary)
  2 hobgoblin zombies (Ossuary)
  3 kobold skeletons (Ossuary)
  2 orc skeletons (Ossuary)
  An orc zombie (Ossuary)
  3 rat skeletons (Ossuary)
  A fungus (Lair:2)
14 creatures vanquished.

Grand Total: 297 creatures vanquished

Notes
Turn   | Place    | Note
-------+----------+-------------------------------------------
     0 | D:1      | zhorgal the Troll Earth Elementalist began the quest for the Orb.
     0 | D:1      | Reached XP level 1. HP: 16/16 MP: 1/1
    82 | D:1      | Reached skill level 1 in Unarmed Combat
   203 | D:1      | Reached XP level 2. HP: 15/24 MP: 2/2
   236 | D:1      | Reached skill level 2 in Unarmed Combat
   831 | D:2      | Reached XP level 3. HP: 27/31 MP: 3/3
   851 | D:2      | Noticed Jessica
   856 | D:2      | Reached skill level 3 in Unarmed Combat
   863 | D:2      | Killed Jessica
   863 | D:2      | Reached XP level 4. HP: 22/39 MP: 4/4
   876 | D:2      | Found a bloodstained altar of Trog.
  1218 | D:2      | Reached skill level 4 in Unarmed Combat
  1357 | D:2      | Found a radiant altar of Vehumet.
  1362 | D:2      | Found a glowing silver altar of Zin.
  1372 | D:2      | Found a hide-covered altar of Uskayaw.
  1383 | D:2      | Found a white marble altar of Elyvilon.
  1791 | D:3      | Reached XP level 5. HP: 35/45 MP: 5/5
  1935 | D:3      | Reached skill level 5 in Unarmed Combat
  2127 | D:4      | Noticed Shinoi's ghost (amateur MfSk)
  2147 | D:4      | Killed Shinoi's ghost
  2147 | D:4      | Reached skill level 6 in Unarmed Combat
  2147 | D:4      | Reached XP level 6. HP: 53/53 MP: 6/6
  2206 | D:4      | Reached skill level 7 in Unarmed Combat
  2206 | D:4      | Reached XP level 7. HP: 33/59 MP: 7/7
  2412 | D:4      | Found a runed door.
  2416 | D:4      | Noticed Crazy Yiuf
  2423 | D:4      | Killed Crazy Yiuf
  2485 | D:4      | Reached skill level 8 in Unarmed Combat
  2603 | D:4      | Noticed Sigmund
  2728 | D:5      | Entered Level 5 of the Dungeon
  2728 | D:5      | Noticed Ijyb
  2729 | D:5      | Noticed a two-headed ogre
  2916 | D:5      | Found an ancient bone altar of Kikubaaqudgha.
  2981 | D:5      | Killed Ijyb
  3052 | D:5      | Killed a two-headed ogre
  3052 | D:5      | Reached skill level 10 in Unarmed Combat
  3052 | D:5      | Reached XP level 8. HP: 6/67 MP: 8/8
  3145 | D:5      | Noticed Blork the orc
  3183 | D:5      | Noticed Edmund
  3201 | D:5      | Killed Edmund
  3257 | D:5      | Killed Blork the orc
  3257 | D:5      | Reached skill level 11 in Unarmed Combat
  3630 | D:6      | Reached XP level 9. HP: 67/75 MP: 9/9
  3631 | D:6      | Noticed barbarian's ghost (amateur GnSk)
  3641 | D:6      | Reached skill level 1 in Fighting
  3650 | D:6      | Killed barbarian's ghost
  3767 | D:6      | Found a sand-covered staircase.
  3775 | Ossuary  | Entered an ossuary
  4048 | Ossuary  | Reached skill level 12 in Unarmed Combat
  4078 | Ossuary  | Gained mutation: Scrolls take you a little longer to read. [potion of mutation]
  4078 | Ossuary  | Gained mutation: You have a somewhat thin skeletal structure. (Dex +2, Stealth) [potion of mutation]
  4139 | D:6      | Noticed Menkaure
  4152 | D:6      | Killed Menkaure
  4261 | D:6      | Found a burning altar of Makhleb.
  4279 | D:6      | Found a staircase to the Ecumenical Temple.
  4347 | D:6      | Got a pitted mace
  4367 | D:6      | Found a basalt altar of Yredelemnul.
  4369 | D:6      | Found a glowing silver altar of Zin.
  4369 | D:6      | Found a sacrificial altar of Ru.
  4371 | D:6      | Found a hide-covered altar of Uskayaw.
  4371 | D:6      | Found a snail-covered altar of Cheibriados.
  4371 | D:6      | Found a shimmering altar of Xom.
  4435 | Temple   | Entered the Ecumenical Temple
  4488 | Temple   | Became a worshipper of Warmaster Okawaru
  5094 | D:7      | Reached * piety under Okawaru
  5098 | D:7      | Reached skill level 13 in Unarmed Combat
  5143 | D:7      | Found a sparkling altar of Nemelex Xobeh.
  5244 | D:7      | Reached XP level 10. HP: 92/92 MP: 10/10
  5261 | D:7      | Learned a level 1 spell: Summon Butterflies
  5263 | D:7      | Learned a level 1 spell: Apportation
  5266 | D:7      | Learned a level 2 spell: Sticks to Snakes
  5334 | D:7      | Reached skill level 1 in Invocations
  5371 | D:7      | Found an opulent altar of Gozag.
  5571 | D:7      | Noticed Dowan
  5575 | D:7      | Noticed Duvessa
  5579 | D:7      | Killed Duvessa
  5582 | D:7      | Killed Dowan
  5807 | D:8      | Found a shattered altar of Ashenzari.
  5813 | D:8      | Reached ** piety under Okawaru
  5820 | D:8      | Noticed Maurice
  5840 | D:8      | HP: 3/93 [something (8)]
  6604 | D:9      | Found a stormy altar of Qazlal.
  6622 | D:9      | Found a glowing golden altar of the Shining One.
  6907 | D:9      | Noticed a two-headed ogre
  6929 | D:9      | Killed a two-headed ogre
  6929 | D:9      | Reached skill level 1 in Armour
  6929 | D:9      | Reached skill level 1 in Shields
  7087 | D:9      | Noticed a two-headed ogre
  7092 | D:9      | Killed a two-headed ogre
  7133 | D:9      | Reached *** piety under Okawaru
  7188 | D:9      | Found a staircase to the Lair.
  7204 | D:9      | Noticed a two-headed ogre
  7213 | D:9      | Killed a two-headed ogre
  7314 | D:9      | Reached XP level 11. HP: 66/101 MP: 12/12
  7437 | D:9      | Reached skill level 5 in Fighting
  7592 | D:10     | Entered Level 10 of the Dungeon
  7707 | D:10     | Killed an unseen horror
  7707 | D:10     | Reached **** piety under Okawaru
  7892 | D:10     | Killed an unseen horror
  7892 | D:10     | Reached skill level 14 in Unarmed Combat
  8511 | Lair:1   | Entered Level 1 of the Lair of Beasts
  8564 | Lair:1   | Reached ***** piety under Okawaru
  8581 | Lair:1   | Found a shimmering altar of Xom.
  8582 | Lair:1   | Noticed an oklob plant
  8684 | Lair:1   | You fall through a shaft!
  8777 | Lair:2   | Noticed a death yak
  9219 | Lair:1   | Reached skill level 1 in Evocations
  9288 | Lair:1   | Received a gift from Okawaru
  9288 | Lair:1   | Reached skill level 1 in Throwing
  9291 | Lair:1   | Got a scorched dagger {god gift}
  9887 | Lair:2   | Killed a death yak
  9887 | Lair:2   | Reached XP level 12. HP: 88/113 MP: 12/14
  9898 | Lair:2   | Noticed a death yak
  9900 | Lair:2   | Noticed a death yak
  9901 | Lair:2   | Noticed a death yak
  9958 | Lair:2   | Killed a death yak
  9962 | Lair:2   | Killed a death yak
  9970 | Lair:2   | Killed a death yak
 10016 | Lair:2   | Noticed a seven-headed hydra
 10035 | Lair:2   | HP: 4/113 [seven-headed hydra (4)]
 10035 | Lair:2   | Slain by a seven-headed hydra

Vault maps used:
D:1:      lightli_arrival_statue_moat, serial_park_tiny_pond,
          minmay_misc_feat_square
D:2:      bloody_trog, grunt_temple_overflow_cloverleaf, minmay_misc_feat_five,
          uniq_jessica
D:4:      wad_pebble_path, first_bread, uniq_crazy_yiuf_cottage, uniq_sigmund
D:5:      nicolae_overflow_hidden_temple, uniq_ijyb, uniq_blork_the_orc,
          uniq_edmund
D:6:      kennysheep_mini, temple_fountains, enter_ossuary_4,
          doesnt_xom_only_xom, uniq_menkaure
D:7:      old_standard_altar, st_stairs_6, grunt_livestock,
          grunt_gozag_breadcrumbs, uniq_duvessa
D:8:      evilmike_ruin_ashenzari, uniq_maurice
D:9:      tso_metal_star, grunt_qazlal_sundering, erik_lair_dragon,
          kennysheep_donut
D:10:     lightli_fourway_metalbox
Temple:   minmay_temple_curvy_loop
Lair:1:   lemuel_oklob_altar, serial_bayou_shore_a
Lair:2:   nicolae_swamp_entry_splash_gauntlet
Ossuary:  ossuary_due_pyramid

Skill      XL: |  1  2  3  4  5  6  7  8  9 10 11 12 |
---------------+-------------------------------------+-----
Unarmed Combat | 1 2 3 4 6 7 10 11 13 14 | 14.7
Fighting       | 3 4 5 |  5.9
Invocations    | 3 4 |  4.6
Armour         | 2 3 |  3.2
Dodging        | 3 4 |  4.5
Shields        | 2 3 4 |  4.1
Evocations     | 1 2 |  2.0
Throwing       | 1 2 |  2.2
Stealth        | |  1.0
Spellcasting   | |  1.2
Transmutations | |  0.6
Earth Magic    | |  2.6

Action                   |  1- 3 |  4- 6 |  7- 9 | 10-12 || total
-------------------------+-------+-------+-------+-------++-------
Melee: Unarmed           |    63 |   128 |   315 |   426 ||   932
       Punch             |       |     3 |    14 |    17 ||    34
       Whip              |       |       |       |     4 ||     4
Throw: Stone             |       |       |     2 |     3 ||     5
Invok: Heroism           |       |       |       |     8 ||     8
       Finesse           |       |       |       |     2 ||     2
  Use: Potion            |       |     1 |    10 |     2 ||    13
       Scroll            |       |       |    10 |     6 ||    16
 Stab: Sleeping          |       |     1 |     2 |     8 ||    11
       Distracted        |       |       |       |     1 ||     1
  Eat: Chunk             |    13 |    13 |    27 |    52 ||   105
Armor: Robe              |    17 |    42 |    18 |       ||    77
       Skin              |       |     6 |       |       ||     6
       Troll leather arm |       |       |    77 |   121 ||   198
Dodge: Dodged            |    29 |    74 |    92 |   138 ||   333
Block: Shield            |       |       |       |    69 ||    69
